 Dungeon Crawl Stone Soup version 0.19.1 (webtiles) character file.

198 Gargo the Digger (level 5, -5/28 HPs)
             Began as a Gargoyle Earth Elementalist on Dec 9, 2016.
             Killed from afar by an orc wizard (9 damage)
             ... with a puff of frost
             ... in the Ecumenical Temple.
             The game lasted 00:14:57 (3243 turns).

Gargo the Digger (Gargoyle Earth Elementalist)      Turns: 3243, Time: 00:14:57

Health: -5/28      AC:  9    Str: 15    XL:     5   Next: 76%
Magic:  0/11       EV: 12    Int: 16    God:
Gold:   138        SH:  0    Dex: 10    Spells: 3 memorised, 3 levels left

rFire  . . .     SeeInvis .     a - +0 short sword
rCold  . . .     Gourm    .     c - +1 robe
rNeg   + . .     Faith    .     (no shield)
rPois  ∞         Spirit   .     (no helmet)
rElec  +         Reflect  .     y - +1 cloak {MR+}
rCorr  .         Harm     .     (no gloves)
MR     +....                    (no boots)
Stlth  ++........               (no amulet)
                                (no ring)
                                q - +3 ring of strength

@: no status effects
A: negative energy resistance 1, electricity resistance, unbreathing,
petrification resistance, rot immunity, AC +4
a: no special abilities


You were in the Ecumenical Temple.
You were very hungry.

You visited 2 branches of the dungeon, and saw 5 of its levels.

You collected 138 gold pieces.

Inventory:

Hand Weapons
 a - a +0 short sword (weapon)
 r - a +0 whip
Missiles
 b - 39 stones (quivered)
Armour
 c - a +1 robe (worn)
 y - a +1 cloak of magic resistance (worn)
Jewellery
 q - a +3 ring of strength (left hand)
Scrolls
 d - a scroll of identify
 f - 2 scrolls of remove curse
 u - a scroll of blinking {unknown}
Potions
 n - a potion of degeneration {unknown}
 s - 2 potions of flight
Comestibles
 m - 2 slices of pizza


   Skills:
 - Level 1.5 Dodging
 - Level 2.1 Stealth
 * Level 4.0 Spellcasting
 + Level 2.7 Conjurations
   Level 0.7 Transmutations
 + Level 4.8 Earth Magic


You had 3 spell levels left.
You knew the following spells:

 Your Spells              Type           Power        Failure   Level  Hunger
a - Sandblast             Erth           ###...       2%          1    None
b - Lee's Rapid Deconstr  Erth           ###.......   75%         5    ######.
A - Stone Arrow           Conj/Erth      ###...       12%         3    ###....


Dungeon Overview and Level Annotations

Branches:
Dungeon (4/15)             Temple (1/1) D:4

Altars:
Dithmenos
Elyvilon
Nemelex Xobeh
Okawaru
Qazlal
Trog
Uskayaw
Yredelemnul
Zin
The Shining One
Lugonu


Innate Abilities, Weirdness & Mutations

You are resistant to torment.
Your stone body is resilient. (AC +4)
You are immune to poison.
You resist negative energy. (rN+)
You are resistant to electric shocks. (rElec)
You can survive without breathing.
You are immune to petrification.
You are immune to rotting.


Message History

The orc wizard hits you with a dagger.
* * * LOW HITPOINT WARNING * * *
You climb downwards.
Welcome to the Ecumenical Temple!
There is a staircase back to the Dungeon here.
Things that are here:
an uncursed amulet of inaccuracy; a book of Geomancy
Casting: Sandblast
Confirm with . or Enter, or press ? or * to list all spells.
Aiming: Sandblast
Press: ? - help, Shift-Dir - straight line, f - orc wizard
Aim: an orc wizard, wielding a dagger and wearing a robe (heavily wounded, fast)
The blast of sand hits the orc wizard.
The orc wizard is heavily wounded.
The orc wizard closely misses you. The orc wizard misses you.
You hit the orc wizard.
The orc wizard is almost dead.
The orc wizard hits you but does no damage.
The orc wizard points at you and mumbles some strange words.
The puff of frost hits you!
You die...

#≈.###...≈..≈≈...≈#
##._.###≈.§###._.##
##### #.≈.# #####
#...# #...# #...#
#...# #(%!# #)@o#
#####


You could see an orc wizard.

Vanquished Creatures
  Crazy Yiuf (D:2)
  An orc wizard (D:4)
  5 adders
  A worm (D:2)
  13 dart slugs
  3 leopard geckos
  2 orcs (D:4)
  2 giant cockroaches
  4 goblins
  6 hobgoblins
  6 jackals (D:1)
  12 kobolds
  A quokka (D:3)
  4 bats
  2 frilled lizards
  7 rats
  2 demonic plants (Temple)
72 creatures vanquished.

Notes
Turn   | Place    | Note
-------+----------+-------------------------------------------
     0 | D:1      | Gargo the Gargoyle Earth Elementalist began the quest for the Orb.
     0 | D:1      | Reached XP level 1. HP: 10/10 MP: 3/3
   225 | D:2      | Reached XP level 2. HP: 13/15 MP: 0/5
   631 | D:1      | Reached XP level 3. HP: 18/19 MP: 0/7
   647 | D:1      | Learned a level 3 spell: Stone Arrow
  1094 | D:2      | Reached skill level 1 in Conjurations
  1426 | D:3      | Reached XP level 4. HP: 24/24 MP: 6/8
  2000 | D:2      | Reached XP level 5. HP: 26/28 MP: 4/10
  2089 | D:2      | Found a runed door.
  2394 | D:2      | Noticed Crazy Yiuf
  2401 | D:2      | Killed Crazy Yiuf
  2874 | D:3      | Found a shadowy altar of Dithmenos.
  2961 | D:4      | Found a staircase to the Ecumenical Temple.
  2965 | Temple   | Entered the Ecumenical Temple
  3155 | Temple   | Learned a level 5 spell: Lee's Rapid Deconstruction
  3243 | Temple   | Killed from afar by an orc wizard

Skill      XL: |  1  2  3  4  5 |
---------------+----------------+-----
Earth Magic    | 4 |  4.8
Conjurations   | 1 2 |  2.7
Spellcasting   | 3 4 |  4.0
Dodging        | |  1.5
Stealth        | |  2.1
Transmutations | |  0.7

Action                   |  1- 3 |  4- 6 || total
-------------------------+-------+-------++-------
Melee: Unarmed           |    17 |       ||    17
       Club              |     7 |       ||     7
       Dagger            |     9 |    13 ||    22
       Short sword       |    37 |   169 ||   206
Throw: Stone             |       |     1 ||     1
 Cast: Sandblast         |    63 |    72 ||   135
       Stone Arrow       |       |     1 ||     1
  Use: Scroll            |     4 |     4 ||     8
       Potion            |       |     2 ||     2
 Stab: Sleeping          |     3 |     4 ||     7
  Eat: Chunk             |     2 |     5 ||     7
Armor: Robe              |    49 |    20 ||    69
Dodge: Dodged            |    86 |    32 ||   118
